 Dungeon Crawl Stone Soup version 0.27-a0-380-g150de4c316 (webtiles) character file.

Game seed: 3489583844688013260

21388 spindar the Cleaver (level 12, -17/97 HPs)
             Began as a Demonspawn Gladiator on Feb 18, 2021.
             Was an Elder of Makhleb.
             Demolished by a komodo dragon (18 damage)
             ... on level 3 of the Lair of Beasts.
             The game lasted 00:52:37 (13452 turns).

spindar the Cleaver (Demonspawn Gladiator)         Turns: 13452, Time: 00:52:38

Health: -17/97     AC: 19    Str: 19    XL:     12   Next: 53%
Magic:  19/19      EV: 12    Int: 11    God:    Makhleb [****..]
Gold:   564        SH:  0    Dex: 18    Spells: 11/11 levels left

rFire    . . .     SeeInvis +   E - +3 hand axe
rCold    . . .     Faith    .   (no shield)
rNeg     + + .     Spirit   .   K - +0 swamp dragon scales
rPois    +         Reflect  .   (helmet unavailable)
rElec    .         Harm     .   D - +0 cloak
rCorr    .         Rampage  .   e - +0 pair of gloves
Will     +++..     Clarity  +   l - +0 pair of boots
Stlth    +.........             R - amulet of the Four Winds {rN+ Will+++ Clar}
HPRegen  0.26/turn              z - +4 ring of protection
MPRegen  0.16/turn              a - ring of Saontukk {Wiz rN+ Dex+4 SInv}

@: no status effects
A: horns 3, icy blue scales 2, powered by death 2
a: Renounce Religion, Minor Destruction, Lesser Servant of Makhleb, Major
Destruction


You were on level 3 of the Lair of Beasts.
You worshipped Makhleb.
Makhleb was greatly pleased with you.
You visited 2 branches of the dungeon, and saw 13 of its levels.
You also visited: Ossuary.

You collected 1178 gold pieces.
You spent 614 gold pieces at shops.

Inventory:

Hand Weapons
 E - a +3 hand axe (weapon)
Missiles
 d - 3 throwing nets (quivered)
Armour
 e - a +0 pair of gloves (worn)
 l - a +0 pair of boots (worn)
 D - a +0 cloak (worn)
 K - +0 swamp dragon scales (worn)
Jewellery
 a - the ring of Saontukk (right hand) {Wiz rN+ Dex+4 SInv}
   (You took it off a meliai on level 10 of the Dungeon)

   [ring of wizardry]

   It improves your spell success rate.
   It affects your dexterity (+4).
   It protects you from negative energy.
   It lets you see invisible.
 b - the ring "Fus Usew" {rElec rPois rC++}
   (You found it on level 10 of the Dungeon)

   [ring of poison resistance]

   It greatly protects you from cold.
   It insulates you from electricity.
   It protects you from poison.
 g - an amulet of regeneration {unknown}
 z - a +4 ring of protection (left hand)
 I - a ring of protection from fire
 N - a ring of resist corrosion {unknown}
 R - the amulet of the Four Winds (around neck) {rN+ Will+++ Clar}
   (You bought it in a shop on level 8 of the Dungeon)

   [amulet of nothing]

   It protects you from negative energy.
   It affects your willpower, your defense against some magical effects.
   It protects you against confusion.
 W - a ring of willpower
 Z - the ring "Yreupaom" {Wiz +Fly rElec}
   (You found it on level 10 of the Dungeon)

   [ring of wizardry]

   It improves your spell success rate.
   It insulates you from electricity.
   It lets you fly.
Wands
 h - a wand of polymorph (8)
 n - a wand of acid (9)
 p - a wand of iceblast (6)
 B - a wand of flame (45)
 C - a wand of charming (21)
Scrolls
 c - a scroll of blinking {unknown}
 i - a scroll of amnesia {unknown}
 j - a scroll of noise {unknown}
 k - 4 scrolls of identify
 m - 8 scrolls of teleportation {unknown}
 o - 3 scrolls of enchant armour {unknown}
 u - 5 scrolls of fog {unknown}
 y - a scroll of enchant weapon {unknown}
 F - 4 scrolls of fear {unknown}
 G - 4 scrolls of vulnerability
 L - 2 scrolls of magic mapping
 M - 2 scrolls of summoning {unknown}
 O - a scroll of torment {unknown}
 S - a scroll of random uselessness {unknown}
 V - a scroll of immolation {unknown}
Potions
 f - 2 potions of heal wounds
 q - a potion of mutation
 r - 2 potions of might
 s - 4 potions of lignification
 t - a potion of resistance
 v - 2 potions of magic
 w - 2 potions of cancellation
 x - 5 potions of flight
 A - 11 potions of curing
 J - 4 potions of brilliance
 P - 3 potions of haste
 U - a potion of ambrosia {unknown}
 X - a potion of berserk rage


   Skills:
 - Level 10.0 Fighting
 + Level 11.6(12.7) Axes
 - Level 9.0(11.5) Maces & Flails
 - Level 1.7 Throwing
 - Level 6.2 Armour
 - Level 2.6 Dodging
 - Level 0.5 Stealth
 - Level 1.0 Shields
 - Level 9.3 Invocations
 - Level 0.1 Evocations


You had 11 spell levels left.
You didn't know any spells.
Your spell library was empty.

Dungeon Overview and Level Annotations

Branches:
Dungeon (10/15)            Temple (0/1) D:5            Lair (3/6) D:8
  Swamp (0/4) Lair:3          Orc (0/2) D:9         Ossuary (visited)
  Snake: Lair:2-4    Spider: Lair:2-4

Altars:
Ashenzari
Cheibriados
Makhleb
Ru
Sif Muna
Wu Jian
Xom
Yredelemnul
Zin

Shops:
D:6 (   D:8 =

Annotations:
D:10 2 runed translucent doors


Innate Abilities, Weirdness & Mutations

You have a pair of large horns on your head.
You are mostly covered in icy blue scales. (AC +3)
You regenerate health from kills.


Message History

You are too injured to fight recklessly!
You are too injured to fight recklessly!
You are too injured to fight recklessly!
You are too injured to fight recklessly!
You are too injured to fight recklessly!
You are too injured to fight recklessly!
You are too injured to fight recklessly!
You are too injured to fight recklessly!
You are too injured to fight recklessly!
You are too injured to fight recklessly!
You are too injured to fight recklessly!
You are too injured to fight recklessly!
You are too injured to fight recklessly!
You are too injured to fight recklessly!
You are too injured to fight recklessly!
You are too injured to fight recklessly!
You are too injured to fight recklessly!
You are too injured to fight recklessly!
The bog body points at you and mumbles some strange words.
The bolt of cold hits you!
* * * LOW HITPOINT WARNING * * *
You slash the komodo dragon!
The komodo dragon is heavily wounded.
You slash the komodo dragon!
The komodo dragon is severely wounded.
The komodo dragon bites you but does no damage.
You hit the komodo dragon but do no damage.
The komodo dragon is heavily wounded.
The komodo dragon bites you!!
* * * LOW HITPOINT WARNING * * *
You hit the komodo dragon. Your headbutt misses the komodo dragon.
The komodo dragon is severely wounded.
You slash the komodo dragon!
You headbutt the komodo dragon, but do no damage.
The komodo dragon is almost dead.
The komodo dragon bites you but does no damage.
You barely miss the komodo dragon.
The komodo dragon is almost dead.
The komodo dragon bites you!!
You die...

......### ...
.#..#.# .....## ..§
§.# ...### ..♣§§..
..#.# .≈§§§ #.###
.♣§§ ≈. #.#####
##.;♣≈§≈§ #...#.#
########n..≈≈♣
#.....####.#.#..#l#
..##...#.......#@##
.#..#............#
######PP........##
# #............# #
#...........P# ##
##...........# .###
#............# ##.#
#............. .#.#
#........


You could see a komodo dragon, a bog body and an electric eel.

Vanquished Creatures
  Gastronok (D:9)
  Fannar (Lair:1)
  A hydra (Lair:2)
  Erica (D:9)
  2 two-headed ogres (D:9)
  Nergalle (D:10)
  An unseen horror (D:10)
  The ghost of ardl the Geomancer, a novice FoEE of Sif Muna (D:6)
  An orc knight (D:10)
  A gargoyle (D:10)
  2 cane toads (Lair:1)
  Maggie (D:7)
  3 komodo dragons
  A hornet (D:10)
  A troll (D:10)
  A meliai (D:10)
  5 blink frogs (Lair:3)
  Sigmund (D:2)
  20 yaks
  A wraith (D:10)
  5 basilisks
  4 wyverns
  8 water moccasins
  3 orc warriors
  2 sky beasts (D:10)
  4 black bears
  4 ogres
  8 wolves
  3 centaurs (D:10)
  4 phantoms
  Blork the orc (D:6)
  7 bullfrogs
  4 scorpions
  8 killer bees
  5 wights (D:6)
  A howler monkey (D:7)
  2 electric eels (D:7)
  2 bullfrog zombies
  A centaur zombie (D:5)
  A jelly (D:6)
  4 hounds
  6 orc priests
  Ijyb (D:3)
  3 iguanas
  3 orc wizards
  7 worker ants
  A hound zombie (D:8)
  A hound skeleton (D:3)
  9 mummies
  A worker ant zombie (D:9)
  7 gnolls
  19 adders
  A shadow imp (D:5)
  3 white imps
  An ufetubus (D:8)
  3 oozes
  4 adder skeletons
  4 worms
  3 dart slugs
  3 leopard geckos
  38 orcs
  A ball python (D:3)
  5 giant cockroaches
  5 goblins
  7 hobgoblins
  7 jackals
  5 kobolds
  2 quokkas
  7 bats
  6 frilled lizards
  2 gnoll zombies (Ossuary)
  5 hobgoblin zombies (Ossuary)
  A jackal zombie (D:8)
  A leopard gecko skeleton (D:5)
  A leopard gecko zombie (D:6)
  An orc zombie (Ossuary)
  A quokka skeleton (D:7)
  5 rats
308 creatures vanquished.

Vanquished Creatures (collateral kills)
  A hydra (Lair:3)
  A two-headed ogre (D:8)
  2 black bears (D:8)
  An iguana (D:8)
  An orc wizard (D:8)
6 creatures vanquished.

Vanquished Creatures (others)
  9 fungi
  14 plants
23 creatures vanquished.

Grand Total: 337 creatures vanquished

Notes
Turn   | Place    | Note
-------+----------+-------------------------------------------
     0 | D:1      | spindar the Demonspawn Gladiator began the quest for the
                  | Orb.
     0 | D:1      | Reached XP level 1. HP: 16/16 MP: 1/1
   154 | D:1      | Reached skill level 3 in Axes
   154 | D:1      | Gained mutation: You regenerate a little health from kills.
                  | [demonic ancestry]
   154 | D:1      | Reached XP level 2. HP: 17/22 MP: 2/2
   634 | D:1      | Gained mutation: You have a pair of small horns on your
                  | head. [demonic ancestry]
   634 | D:1      | Reached XP level 3. HP: 27/27 MP: 3/3
   798 | D:2      | Reached skill level 4 in Axes
   821 | D:2      | Reached XP level 4. HP: 33/33 MP: 4/4
   846 | D:2      | Noticed Sigmund
  1068 | D:2      | Killed Sigmund
  1069 | D:2      | Reached skill level 5 in Axes
  1069 | D:2      | Reached skill level 1 in Armour
  1069 | D:2      | Gained mutation: You are partially covered in icy blue
                  | scales. (AC +2) [demonic ancestry]
  1069 | D:2      | Reached XP level 5. HP: 6/38 MP: 5/5
  1381 | D:2      | You fall into a shaft and drop 2 floors!
  1609 | D:4      | Reached XP level 6. HP: 44/44 MP: 6/6
  1693 | D:3      | Noticed an orc warrior
  1713 | D:4      | Reached skill level 6 in Axes
  1979 | D:4      | Found a burning altar of Makhleb.
  1984 | D:4      | Became a worshipper of Makhleb the Destroyer
  2385 | D:3      | Killed an orc warrior
  2498 | D:3      | Gained mutation: You have a pair of horns on your head.
                  | [demonic ancestry]
  2498 | D:3      | Reached XP level 7. HP: 15/50 MP: 7/7
  2754 | D:3      | Reached skill level 7 in Axes
  2779 | D:3      | Reached * piety under Makhleb
  2908 | D:3      | Noticed Ijyb
  2918 | D:3      | Killed Ijyb
  3764 | D:5      | Entered Level 5 of the Dungeon
  4076 | D:5      | Reached skill level 1 in Shields
  4104 | D:5      | Found a staircase to the Ecumenical Temple.
  4399 | D:5      | Reached ** piety under Makhleb
  4400 | D:5      | Reached skill level 8 in Axes
  4551 | D:6      | Found a runed translucent door.
  4559 | D:6      | Noticed ardl's ghost (novice FoEE)
  4560 | D:6      | Gained mutation: You are mostly covered in icy blue scales.
                  | (AC +3) [demonic ancestry]
  4560 | D:6      | Reached XP level 8. HP: 56/57 MP: 8/8
  4757 | D:6      | Killed ardl's ghost
  4758 | D:6      | Reached skill level 9 in Axes
  4895 | D:6      | Found a broken altar of Ashenzari.
  4927 | D:6      | Noticed Blork the orc
  4937 | D:6      | Killed Blork the orc
  5090 | D:6      | Found a sacrificial altar of Ru.
  5175 | D:6      | Gained mutation: You have a pair of large horns on your
                  | head. [demonic ancestry]
  5175 | D:6      | Reached XP level 9. HP: 65/66 MP: 9/9
  5263 | D:6      | Found Xepuxear's Antique Weapon Shop.
  5286 | D:6      | Reached skill level 10 in Axes
  5373 | D:6      | Reached skill level 5 in Fighting
  5981 | D:7      | Got a wizard robe
  6153 | D:7      | Noticed Maggie
  6175 | D:7      | Killed Maggie
  6229 | D:7      | Found a sand-covered staircase.
  6248 | Ossuary  | Entered an ossuary
  6302 | Ossuary  | Reached *** piety under Makhleb
  6518 | D:7      | Found a broken altar of Ashenzari.
  6522 | D:7      | Reached skill level 1 in Invocations
  7038 | D:8      | Noticed a two-headed ogre
  7249 | D:8      | Reached **** piety under Makhleb
  7254 | D:8      | Found Oteyrour's Jewellery Shoppe.
  7266 | D:8      | Reached XP level 10. HP: 74/77 MP: 12/12
  7293 | D:8      | Killed a two-headed ogre
  7294 | D:8      | Reached skill level 5 in Armour
  7297 | D:8      | Found a staircase to the Lair.
  7302 | D:8      | Reached skill level 5 in Invocations
  7376 | D:8      | Bought the amulet of the Four Winds {rN+ Will+++ Clar} for
                  | 614 gold pieces
  7376 | D:8      | Found the amulet of the Four Winds {rN+ Will+++ Clar}
  7396 | D:8      | Identified the +1 robe "Pieh" {rC+ Will++} (You found it on
                  | level 7 of the Dungeon)
  7443 | D:8      | Found a basalt altar of Yredelemnul.
  7443 | D:8      | Found an ornate altar of the Wu Jian Council.
  7492 | D:8      | Found a shimmering altar of Xom.
  7762 | D:8      | Found a snail-covered altar of Cheibriados.
  7850 | D:8      | Found a shimmering blue altar of Sif Muna.
  7956 | D:9      | Noticed a two-headed ogre
  7966 | D:9      | Killed a two-headed ogre
  8029 | D:9      | Noticed Erica
  8045 | D:9      | Killed Erica
  8100 | D:9      | Found a snail-covered altar of Cheibriados.
  8150 | D:9      | Found a glowing silver altar of Zin.
  8213 | D:9      | Noticed Gastronok
  8257 | D:9      | Killed Gastronok
  8258 | D:9      | Reached skill level 5 in Maces & Flails
  8258 | D:9      | Reached XP level 11. HP: 34/87 MP: 14/14
  8524 | D:9      | Reached ***** piety under Makhleb
  8549 | D:9      | Found a staircase to the Orcish Mines.
  8574 | D:9      | Noticed a two-headed ogre
  8586 | D:9      | Killed a two-headed ogre
  8935 | D:10     | Entered Level 10 of the Dungeon
  9051 | D:10     | Noticed an orc knight
  9053 | D:10     | Identified the ring of Saontukk {Wiz rN+ Dex+4 SInv}
  9075 | D:10     | Killed an orc knight
  9177 | D:10     | Killed an unseen horror
  9180 | D:10     | Found a runed translucent door.
  9521 | D:10     | Reached skill level 10 in Fighting
  9742 | D:10     | Noticed Nergalle
  9775 | D:10     | Killed Nergalle
 10284 | D:10     | Found a runed translucent door.
 10416 | D:10     | Got a warped iron ring
 10430 | D:10     | Got a shimmering copper amulet
 10441 | D:10     | Identified the amulet "Doisouc" {Acrobat Will+} (You found
                  | it on level 10 of the Dungeon)
 10461 | D:10     | Identified the ring "Yreupaom" {Wiz +Fly rElec} (You found
                  | it on level 10 of the Dungeon)
 10475 | D:10     | Got a faintly glowing golden ring
 10838 | Lair:1   | Entered Level 1 of the Lair of Beasts
 10954 | Lair:1   | Gained mutation: You regenerate health from kills. [demonic
                  | ancestry]
 10954 | Lair:1   | Reached XP level 12. HP: 84/97 MP: 17/17
 11320 | Lair:1   | Noticed Fannar
 11343 | Lair:1   | Killed Fannar
 11925 | Lair:2   | Identified the ring "Fus Usew" {rElec rPois rC++} (You
                  | found it on level 10 of the Dungeon)
 11975 | Lair:2   | Noticed a seven-headed hydra
 11986 | Lair:2   | Killed an eight-headed hydra
 12287 | Lair:2   | Noticed a seven-headed hydra
 12893 | Lair:3   | Reached skill level 11 in Axes
 13012 | Lair:3   | Noticed a seven-headed hydra
 13023 | Lair:3   | Killed a seven-headed hydra
 13440 | Lair:3   | Found a staircase to the Swamp.
 13449 | Lair:3   | HP: 1/97 [komodo dragon (21)]
 13452 | Lair:3   | Demolished by a komodo dragon

Illustrated notes

Levels and vault maps discovered:
D:1:      minmay_arrival_five_plusses, layout_loops_ring
D:2:      layout_loops_cross, uniq_sigmund
D:3:      layout_rooms, uniq_ijyb
D:4:      layout_loops_ring, kennysheep_little_box, lightli_corner_chamber
D:5:      layout_loops_ring, temple_fountains
D:6:      layout_basic, nicolae_ru_the_path_less_chosen, serial_shops, shop,
          ebering_ghost_sewer_d, evilmike_ruin_ashenzari, uniq_blork_the_orc
D:7:      layout_basic, nicolae_overflow_crystal_walls,
          nicolae_ossuary_entry_ruins, minivault_14, lemuel_another_geyser,
          uniq_maggie
D:8:      layout_cave_pools, marbit_many_paths,
          gammafunk_temple_overflow_statue, kennysheep_mini,
          minmay_lair_entry_grove, serial_shops, shop_fountains,
          chei_slow_surprise
D:9:      layout_roguey, cheibriados_altar_1, lemuel_crystal_altar, orc_0_dummy,
          uniq_gastronok, uniq_erica
D:10:     minmay_the_grid_triangle_9x9_rhombus_thin
          [minmay_the_grid_triangle_9x9_intruding_spiral,
          minmay_the_grid_triangle_9x9_prize_special,
          minmay_the_grid_triangle_9x9_tough_junction,
          minmay_the_grid_triangle_9x9_skeleton], layout_layer_cave,
          uniq_nergalle
Lair:1:   layout_long_grid, grunt_megastairs_4, lemuel_fruit_tree, uniq_fannar
Lair:2:   layout_roguey
Lair:3:   layout_cave_pods, skrybe_swamp_entry_bodies,
          infiniplex_staircase_pool, uniq_prince_ribbit2

Skill      XL: |  1  2  3  4  5  6  7  8  9 10 11 12 |
---------------+-------------------------------------+-----
Axes           | 3 4 5 6 8 9 10 11 | 11.6
Armour         | 1 2 4 6 |  6.2
Shields        | 1 |  1.0
Fighting       | 4 6 8 10 | 10.0
Invocations    | 3 5 7 9 |  9.3
Maces & Flails | 5 8 9 |  9.0
Throwing       | |  1.7
Dodging        | |  2.6
Stealth        | |  0.5
Evocations     | |  0.1

Action                   |  1- 3 |  4- 6 |  7- 9 | 10-12 || total
-------------------------+-------+-------+-------+-------++-------
Melee: War axe           |    68 |   108 |   235 |       ||   411
       Headbutt          |     1 |    17 |    93 |   159 ||   270
       Hand axe          |       |       |   183 |   682 ||   865
Throw: Throwing net      |       |     1 |       |       ||     1
Invok: Lesser Servant of |       |       |       |     4 ||     4
       Major Destruction |       |       |       |     1 ||     1
Evoke: Wand              |     1 |     2 |    12 |     7 ||    22
  Use: Scroll            |       |     4 |    10 |     2 ||    16
       Potion            |       |     1 |     1 |     9 ||    11
 Stab: Sleeping          |       |     2 |       |       ||     2
       Held in net/web   |       |     1 |       |       ||     1
       Invisible         |       |       |       |     5 ||     5
Armor: Leather armour    |    23 |    19 |    96 |       ||   138
       Swamp dragon scal |       |       |    48 |   353 ||   401
       Skin              |       |       |       |    10 ||    10
Dodge: Dodged            |    61 |    56 |   200 |   293 ||   610
Block: Other             |       |    16 |    67 |     4 ||    87
       Reflection        |       |       |     1 |       ||     1

Table legend: (Time is in decaauts)
 A = Elapsed time spent in this place.
 B = Non-inter-level travel time spent in this place.
 C = Inter-level travel time spent in this place.
 D = Time resting spent in this place.
 E = Time spent auto-exploring this place.
 F = Levels seen in this place.
 G = Mean time per level.
                   A        B        C        D        E       F      G
               +--------+--------+--------+--------+--------+-----+--------+
         Total |  13310 |  12838 |    472 |   2337 |   7715 |  14 |  950.7 |
       Dungeon |  10562 |  10115 |    447 |   2149 |   5634 |  10 | 1056.2 |
          Lair |   2533 |   2508 |     25 |    168 |   1987 |   3 |  844.3 |
       Ossuary |    214 |    214 |      0 |     20 |     94 |   1 |  214.0 |
               +--------+--------+--------+--------+--------+-----+--------+

Top non-repeatable levels by time:
    D:10: 1798 daAuts
     D:6: 1176 daAuts
     D:7: 1159 daAuts
     D:2: 1139 daAuts
  Lair:1: 1045 daAuts
     D:9: 998 daAuts
     D:4: 951 daAuts
  Lair:2: 941 daAuts
     D:3: 909 daAuts
     D:8: 843 daAuts
     D:1: 826 daAuts
     D:5: 759 daAuts
  Lair:3: 546 daAuts
 Ossuary: 214 daAuts
